 Dungeon Crawl Stone Soup version 0.19-a0-1697-g0595f0e (webtiles) character file.

53945 4thArraOfDagon the Brawler (level 14, -2/136 HPs)
             Began as a Troll Wanderer on Sept 26, 2016.
             Was a Priest of Elyvilon.
             Slain by a sixfirhy (8 damage)
             ... summoned by an orc high priest
             ... on level 2 of the Orcish Mines.
             The game lasted 00:46:06 (8302 turns).

4thArraOfDagon the Brawler (Troll Wanderer)         Turns: 8302, Time: 00:46:06

Health: -2/136     AC: 11    Str: 22    XL:     14   Next: 32%
Magic:  21/21      EV: 17    Int: 13    God:    Elyvilon [***...]
Gold:   659        SH:  0    Dex: 10    Spells: 1 memorised, 11 levels left

rFire  . . .     SeeInvis .       - Unarmed
rCold  + . .     Gourm    +     L - +1 robe {MR+}
rNeg   . . .     Faith    .     (no shield)
rPois  .         Spirit   .     (helmet restricted)
rElec  .         Dismiss  .     u - +2 cloak {rC+}
rCorr  .         Reflect  .     (gloves unavailable)
MR     ++...     Harm     .     (boots unavailable)
Stlth  +.........               (no amulet)
                                r - +3 ring of strength
                                D - +4 ring of evasion

@: about to teleport, protection
A: unfitting armour, claws 3, thin metallic scales 1, deformed body, fast
metabolism 3, gourmand, regeneration 1, shaggy fur 1, tough skin 2, weak 1, wild
magic 1
a: Lesser Healing, Heal Other, Purification, Divine Protection, Renounce
Religion


You were on level 2 of the Orcish Mines.
You worshipped Elyvilon.
Elyvilon was most pleased with you.
You were very full.

You visited 2 branches of the dungeon, and saw 17 of its levels.
You also visited: Sewer and Ice Cave.

You collected 693 gold pieces.
You spent 34 gold pieces at shops.

Inventory:

Hand Weapons
 y - a +1 giant spiked club of venom
 G - the +3 quarterstaff of Regeb {freeze, Str+4 Int+4 Dex+4}
   (You found it on level 8 of the Dungeon)

   It has been specially enchanted to freeze those struck by it, causing extra
   injury to most foes and up to half again as much damage against particularly
   susceptible opponents.
   It can also slow down cold-blooded creatures.
   It affects your strength (+4).
   It affects your intelligence (+4).
   It affects your dexterity (+4).
Missiles
 c - 4 large rocks (quivered)
Armour
 a - a +2 robe of cold resistance
 b - a +1 cloak
 e - a +0 robe
 t - a +1 cloak
 u - a +2 cloak of cold resistance (worn)
 L - a +1 robe of magic resistance (worn)
Jewellery
 l - an uncursed ring of ice
 r - a +3 ring of strength (right claw)
 w - an uncursed ring of see invisible
 D - a +4 ring of evasion (left claw)
 I - an uncursed ring of resist corrosion
Wands
 p - a wand of flame (18/48)
 v - a wand of enslavement (16/24)
 z - a wand of disintegration (12/24)
 A - a wand of disintegration (23/24)
 C - a wand of confusion (14/48)
 E - a wand of lightning (2/15)
 K - a wand of confusion (7/48)
Scrolls
 m - a scroll of amnesia
 s - 3 scrolls of noise
 B - 4 scrolls of remove curse
 H - 2 scrolls of blinking
 N - a scroll of magic mapping
Potions
 d - 2 potions of beneficial mutation
 g - 3 potions of heal wounds
 h - 6 potions of curing
 i - 2 potions of magic
 k - a potion of agility
 n - a potion of mutation {unknown}
 q - a potion of ambrosia
 x - 5 potions of flight
 F - a potion of degeneration
 J - 3 potions of cure mutation
 M - a potion of might
Books
 O - a book of the Dragon

   Spells                             Type                      Level
   a - Flame Tongue                   Conjuration/Fire             1
   b - Cause Fear                     Hexes                        4
   c - Bolt of Fire                   Conjuration/Fire             6
   d - Dragon Form                    Transmutation                7
   e - Dragon's Call                  Summoning                    9
Comestibles
 f - 6 bread rations
 j - 4 meat rations


   Skills:
 - Level 8.0 Fighting
 - Level 2.4 Staves
 - Level 8.0 Dodging
 - Level 1.7 Stealth
   Level 1.0 Shields
 - Level 15.3 Unarmed Combat
 + Level 2.1 Spellcasting
 * Level 3.6 Transmutations
 * Level 4.6 Earth Magic
 - Level 10.7 Invocations


You had 11 spell levels left.
You knew the following spells:

 Your Spells              Type           Power        Failure   Level  Hunger
a - Statue Form           Tmut/Erth      ###......    100%        6    #######


Dungeon Overview and Level Annotations

Branches:
Dungeon (15/15)              Lair (0/6) D:9             Orc (2/2) D:11
 Temple: D:4-7          Elf: Orc:2       Vaults: D:13-14     Depths: D:15

Altars:
Ashenzari
Elyvilon
Beogh

Shops:
D:5 =*[:   D:6 =   Orc:2 =([=

Annotations:
D:11 ORCS
D:13 Kirke
Orc:1 Snorg


Innate Abilities, Weirdness & Mutations

You are too large for most types of armour.
You have claws for hands.
Your metabolism is lightning-fast.
You like to eat raw meat.
Your natural rate of healing is unusually fast.
You are covered in fur. (AC +1)
You have very tough skin. (AC +2)
You are partially covered in thin metallic scales. (AC +2)
Armour fits poorly on your strangely shaped body.
You are weak. (Str -2)
Your spells are a little harder to cast, but a little more powerful.


Message History

The sun demon hits you!!
You are engulfed in flames!
* * * LOW HITPOINT WARNING * * *
Unknown command.
Unknown command.
Unknown command.
You beseech Elyvilon to protect your life.
The sixfirhy hits you.
* * * LOW HITPOINT WARNING * * *
The sixfirhy shocks you!
* * * LOW HITPOINT WARNING * * *
The sixfirhy barely misses you. The sun demon hits you!
* * * LOW HITPOINT WARNING * * *
You are engulfed in flames!
Elyvilon protects you from harm! The orc high priest closely misses you.
The sixfirhy hits you but does no damage.
Unknown command.
The sixfirhy hits you but does no damage.
The sixfirhy hits you!
You die...

#'##.#...##)##..
#....#...##)##(.
###########'#### ####
#####...)..... ##...#
###...)...8.8... #.....#
##....()().(.....
......3##......##)..)..)#
.....4o......###.)...).))
...∩...3@..###.....8.8.).
.........###.............
.......####.......)).....
#.....# ##........#...#..
##...# #........##8.8##.
#### #......####.....##
#.....### #.......#
.....# #......... .....
#..8._.8..


You could see an orc high priest, a sun demon, an ice devil and a sixfirhy.

Vanquished Creatures
  A sphinx (D:12)
  A fire giant (D:12)
  2 frost giants (D:12)
  An orc warlord (Orc:2)
  A reaper (IceCv)
  The ghost of kae the Fencer, a journeyman FoFi of Makhleb (IceCv)
  An ettin (Orc:2)
  Josephine (D:10)
  A deep elf high priest (D:12)
  An ice dragon (D:12)
  An ogre mage (D:15)
  3 orc high priests (Orc:2)
  An unseen horror (D:12)
  5 hill giants
  2 orc knights (Orc:2)
  A phantasmal warrior (D:12)
  2 orc sorcerers
  A cyclops (D:13)
  The ghost of p0werm0de the Martial Artist, a novice TeCK of Ashenzari (D:6)
  Maurice (D:10)
  Psyche (D:10)
  2 ice statues (IceCv)
  11 ice devils
  2 efreet
  A komodo dragon (D:15)
  4 trolls
  A slime creature (D:13)
  5 two-headed ogres
  A vampire (D:14)
  4 hogs
  5 wraiths
  29 yaks
  A hungry ghost (D:8)
  2 steam dragons
  2 wargs (Orc:2)
  A mottled dragon (D:12)
  A soldier ant (D:11)
  34 orc warriors
  A sky beast (D:6)
  An ice beast (D:12)
  A black bear (shapeshifter) (D:12)
  A necrophage (D:9)
  2 phantoms
  An eye of draining (D:11)
  3 wasps
  A boggart (D:12)
  7 centaurs
  13 ogres
  A big kobold (D:10)
  A crocodile (Sewer)
  10 bullfrogs
  4 scorpions
  7 killer bees
  3 howler monkeys (D:14)
  3 wights (D:9)
  A crimson imp (D:10)
  A wasp zombie (D:10)
  A bullfrog zombie (D:11)
  4 hounds
  26 orc priests
  4 centaur skeletons
  3 jellies
  10 orc wizards
  2 iguanas
  3 worker ants
  A worker ant zombie (D:11)
  7 gnolls (D:4)
  7 adders
  A shadow imp (D:12)
  7 white imps (IceCv)
  10 ufetubi (IceCv)
  An adder zombie (D:5)
  An ooze (D:3)
  An adder skeleton (D:6)
  5 worms
  10 dart slugs (D:5)
  A leopard gecko (D:3)
  88 orcs
  3 giant cockroaches
  6 goblins (D:4)
  5 hobgoblins
  6 jackals
  9 kobolds
  3 quokkas
  4 bats
  5 frilled lizards
  3 rats
435 creatures vanquished.

Vanquished Creatures (others)
  A mottled dragon (D:12)
  A boggart (D:15)
  4 electric eels (D:11)
  An orc wizard (D:10)
  A white imp (IceCv)
  An ufetubus (IceCv)
  An orc (D:10)
10 creatures vanquished.

Grand Total: 445 creatures vanquished

Notes
Turn   | Place    | Note
-------+----------+-------------------------------------------
     0 | D:1      | 4thArraOfDagon the Troll Wanderer began the quest for the Orb.
     0 | D:1      | 4thArraOfDagon set off with: a +2 dagger, a potion of haste, a scroll of teleportation, a potion of lignification, a +0 robe, 2 bread rations
     0 | D:1      | Reached XP level 1. HP: 19/19 MP: 0/0
   480 | D:2      | Found a white marble altar of Elyvilon.
   487 | D:2      | Reached XP level 2. HP: 27/27 MP: 1/1
   501 | D:2      | Became a worshipper of Elyvilon the Healer
   611 | D:2      | Reached skill level 3 in Unarmed Combat
   798 | D:4      | Reached XP level 3. HP: 33/33 MP: 2/2
   849 | D:4      | Reached skill level 4 in Unarmed Combat
   849 | D:4      | Reached skill level 1 in Invocations
   849 | D:4      | Reached XP level 4. HP: 34/41 MP: 3/3
   861 | D:4      | Reached * piety under Elyvilon
  1135 | D:5      | Entered Level 5 of the Dungeon
  1236 | D:5      | Reached XP level 5. HP: 46/48 MP: 5/5
  1277 | D:5      | Found Ovvaxit's Assorted Antiques.
  1280 | D:5      | Bought a scroll labeled BEUHU NISTREURO for 34 gold pieces
  1280 | D:5      | Found Tavaxug's Armour Emporium.
  1302 | D:5      | Found Xumij's Book Boutique.
  1315 | D:5      | Noticed an ogre
  1325 | D:5      | Killed an ogre
  1325 | D:5      | Reached skill level 5 in Unarmed Combat
  1406 | D:4      | Reached ** piety under Elyvilon
  1426 | D:4      | Reached XP level 6. HP: 51/55 MP: 6/6
  1540 | D:5      | Found Miacost's Jewellery Shop.
  1545 | D:5      | wow
  1569 | D:5      | namnharef: this is power :)
  1587 | D:5      | Reached skill level 6 in Unarmed Combat
  1778 | D:6      | Reached XP level 7. HP: 43/62 MP: 8/8
  1820 | D:6      | Reached skill level 7 in Unarmed Combat
  1859 | D:6      | Found Sigholo's Jewellery Shop.
  1868 | D:6      | Gained mutation: Your spells are a little harder to cast, but a little more powerful. [potion of beneficial mutation]
  1919 | D:6      | WOW!!!!
  1919 | D:6      | !!!!!!!!!111!111111!!!!1!1
  1953 | D:6      | Noticed p0werm0de's ghost (novice TeCK)
  1953 | D:6      | i afraid no ghost
  1953 | D:6      | ReniFell: wut happened
  1961 | D:6      | Killed p0werm0de's ghost
  1961 | D:6      | Reached skill level 8 in Unarmed Combat
  1961 | D:6      | Reached XP level 8. HP: 70/70 MP: 10/10
  1973 | D:6      | 4thArraOfDagon: 1!1!1!!!!!!!1!1!!
  2028 | D:6      | Found a glowing drain.
  2055 | Sewer    | Entered a sewer
  2055 | Sewer    | Reached *** piety under Elyvilon
  2063 | Sewer    | Reached skill level 5 in Invocations
  2098 | Sewer    | 4thArraOfDagon: 6 shops nothing usefull
  2127 | Sewer    | ReniFell: default
  2309 | D:6      | Reached skill level 9 in Unarmed Combat
  2430 | D:8      | Got a jewelled quarterstaff
  2476 | D:8      | Noticed a troll
  2484 | D:8      | Killed a troll
  2484 | D:8      | Reached skill level 1 in Dodging
  2538 | D:8      | Reached XP level 9. HP: 79/79 MP: 12/12
  2559 | D:8      | Reached **** piety under Elyvilon
  2762 | D:9      | 4thArraOfDagon: yeah but it happens like n-th game in row
  2762 | D:9      | 4thArraOfDagon: looks like converges to infinity
  2762 | D:9      | 4thArraOfDagon: and beyond
  3015 | D:10     | Entered Level 10 of the Dungeon
  3015 | D:10     | Noticed Josephine
  3015 | D:10     | 4thArraOfDagon: crawl is one big space with cauchy criterion
  3017 | D:10     | Noticed a hill giant
  3035 | D:10     | Reached skill level 10 in Unarmed Combat
  3160 | D:11     | Reached ***** piety under Elyvilon
  3169 | D:11     | Noticed an efreet
  3299 | D:11     | Reached skill level 11 in Unarmed Combat
  3299 | D:11     | Reached XP level 10. HP: 30/91 MP: 10/13
  3411 | D:11     | NOT
  3655 | D:12     | You fall through a shaft for 2 floors!
  3655 | D:14     | Noticed a death knight
  3747 | D:15     | Entered Level 15 of the Dungeon
  3750 | D:15     | Noticed a cyclops
  3760 | D:15     | Elyvilon protects you from harm!
  3763 | D:15     | HP: 3/93 [centaur warrior zombie (5)]
  3774 | D:15     | Noticed a hill giant
  3796 | D:15     | Killed a hill giant
  3879 | D:15     | Found a shattered altar of Ashenzari.
  3891 | D:15     | Noticed an ogre mage
  3899 | D:15     | Killed an ogre mage
  3899 | D:15     | Reached skill level 12 in Unarmed Combat
  3948 | D:15     | Noticed a cyan ugly thing
  3948 | D:15     | Noticed a cyan ugly thing
  3951 | D:15     | Pacified a red ugly thing
  3952 | D:15     | Noticed a cyan ugly thing
  3952 | D:15     | Pacified a cyan ugly thing
  3952 | D:15     | Reached XP level 11. HP: 101/101 MP: 10/15
  3954 | D:15     | Noticed a cyan ugly thing
  3954 | D:15     | Noticed a cyan ugly thing
  3955 | D:15     | Pacified a cyan ugly thing
  3955 | D:15     | Reached skill level 5 in Fighting
  3956 | D:15     | Noticed a cyan ugly thing
  3974 | D:14     | Noticed a deep elf mage
  3984 | D:14     | Elyvilon protects you from harm!
  3990 | D:14     | Noticed a skeletal warrior
  3990 | D:14     | Noticed a skeletal warrior
  3990 | D:14     | rly
  4055 | D:13     | Noticed a vault guard
  4210 | D:13     | Noticed a four-headed hydra
  4217 | D:13     | Pacified a four-headed hydra
  4217 | D:13     | Reached skill level 5 in Dodging
  4309 | D:13     | Found a frozen archway.
  4317 | D:13     | Noticed Kirke
  4326 | IceCv    | Entered an ice cave
  4353 | IceCv    | Noticed kae's ghost (journeyman FoFi)
  4355 | IceCv    | i afraid no ghost
  4361 | IceCv    | Reached skill level 13 in Unarmed Combat
  4361 | IceCv    | Reached XP level 12. HP: 104/114 MP: 16/18
  4404 | IceCv    | Killed kae's ghost
  4606 | IceCv    | Noticed a reaper
  4621 | IceCv    | Killed a reaper
  4649 | IceCv    | Reached skill level 14 in Unarmed Combat
  5048 | D:12     | Paralysed by a wasp for 1 turns
  5124 | D:12     | Reached XP level 13. HP: 124/124 MP: 19/19
  5206 | D:12     | Noticed a frost giant
  5217 | D:12     | Noticed a frost giant
  5227 | D:12     | Killed a frost giant
  5227 | D:12     | Reached skill level 10 in Invocations
  5236 | D:12     | Killed a frost giant
  5244 | D:12     | Noticed a fire giant
  5261 | D:12     | Killed a fire giant
  5272 | D:12     | Noticed a sphinx
  5280 | D:12     | Killed a sphinx
  5454 | D:12     | Noticed a tengu reaver
  5468 | D:12     | Pacified a tengu reaver
  5503 | D:12     | :/
  5555 | D:12     | Reached skill level 15 in Unarmed Combat
  5563 | D:12     | Gained mutation: You are weak. (Str -2) [mutagenic meat]
  5566 | D:12     | Gained mutation: You are partially covered in thin metallic scales. (AC +2) [mutagenic meat]
  5569 | D:12     | Gained mutation: Armour fits poorly on your strangely shaped body. [mutagenic meat]
  5764 | D:10     | Killed Josephine
  5788 | D:10     | Noticed Psyche
  5794 | D:10     | Killed Psyche
  5806 | D:10     | Noticed Maurice
  5816 | D:10     | Killed Maurice
  6043 | D:9      | Found a staircase to the Lair.
  6097 | D:8      | Learned a level 6 spell: Statue Form
  6289 | D:9      | Reached skill level 1 in Earth Magic
  6465 | D:10     | Reached skill level 1 in Transmutations
  6745 | D:11     | Found a staircase to the Orcish Mines.
  6754 | Orc:1    | Entered Level 1 of the Orcish Mines
  6830 | Orc:1    | Reached skill level 1 in Spellcasting
  6947 | Orc:2    | Entered Level 2 of the Orcish Mines
  7034 | Orc:2    | Reached XP level 14. HP: 120/136 MP: 21/21
  7162 | Orc:1    | Noticed Snorg
  7192 | Orc:2    | Found Awuff's Jewellery Emporium.
  7222 | Orc:2    | Found Ovviluo's Weapon Shoppe.
  7249 | Orc:2    | Found a roughly hewn altar of Beogh.
  7740 | Orc:2    | Noticed an orc warlord
  7788 | Orc:2    | Killed an orc warlord
  7945 | Orc:2    | Found Poedukh's Jewellery Boutique.
  8044 | Orc:2    | Identified the +3 quarterstaff of Regeb {freeze, Str+4 Int+4 Dex+4} (You found it on level 8 of the Dungeon)
  8110 | Orc:2    | Found a roughly hewn altar of Beogh.
  8290 | Orc:2    | Found Xeifon's Antique Armour Shop.
  8301 | Orc:2    | HP: 6/136 [sun demon[an orc high priest] (9)]
  8301 | Orc:2    | Elyvilon protects you from harm!
  8302 | Orc:2    | Slain by a sixfirhy

Vault maps used:
D:1:      evilmike_arrival_run_for_it
D:2:      minmay_misc_feat_doors, elyvilon_altar_1
D:3:      minmay_fountain_box, uniq_grinder, uniq_iyjb
D:4:      corexii_shantytown, serial_shops,
          nicolae_shop_temple_entry_statues_fountains, uniq_edmund,
          uniq_blork_the_orc
D:5:      kennysheep_slugbush, first_bread, serial_shops, nicolae_shop_stone,
          shop, kennysheep_little_box, nicolae_shop_behind_doors,
          kennysheep_generic_room_10
D:6:      portal_sewer_entry_a, kennysheep_windowed_goal
D:7:      black_bear_nest_2, tso_altar
D:9:      lair_0_dummy
D:10:     uniq_josephine, uniq_psyche, uniq_maurice
D:11:     orc_0_dummy, hangedman_pestilent_swarm
D:12:     minmay_the_grid_4x2
D:13:     evilmike_diamond_2, lightli_vaults_fourway_checkpoint,
          portal_ice_cave_demonic_guard, basic_altar, minivault_13, uniq_kirke
D:14:     cheibrodos_tormentor_scu, serial_bayou_shore_b, grunt_ministairs_14,
          hangedman_decor_points, billiards_dpeg
D:15:     grunt_enter_depths_magical_seal, nicolae_ashenzari_panopticon,
          minmay_misc_feat_ornament, minmay_misc_feat_tower
Orc:1:    uniq_snorg
Orc:2:    pubby_orc_utopia, serial_shops
Sewer:    sewer_the_crocodile
IceCv:    ice_cave_small_demon

Skill      XL: |  1  2  3  4  5  6  7  8  9 10 11 12 13 14 |
---------------+-------------------------------------------+-----
Unarmed Combat | 3 4 5 6 8 9 11 12 13 14 15 | 15.3
Invocations    | 1 2 3 4 5 6 7 9 10 | 10.7
Dodging        | 1 3 4 6 8 |  8.0
Fighting       | 3 4 6 7 8 |  8.0
Earth Magic    | 2 4 |  4.6
Transmutations | 2 3 |  3.6
Spellcasting   | 1 2 |  2.1
Staves         | |  2.4
Stealth        | |  1.7
Shields        | |  1.0

Action                   |  1- 3 |  4- 6 |  7- 9 | 10-12 | 13-15 || total
-------------------------+-------+-------+-------+-------+-------++-------
Melee: Unarmed           |    67 |   128 |   231 |   384 |   683 ||  1493
       Punch             |       |     4 |    10 |    24 |    45 ||    83
Invok: Greater Healing   |       |       |     3 |     1 |     4 ||     8
       Heal Other        |       |       |     1 |    23 |     4 ||    28
       Lesser Healing    |       |       |     1 |     6 |    12 ||    19
       Divine Protection |       |       |       |     2 |     1 ||     3
Evoke: Wand              |       |       |     2 |     1 |     4 ||     7
  Use: Scroll            |       |     1 |     1 |    18 |     9 ||    29
       Potion            |       |       |     5 |    11 |     2 ||    18
 Stab: Sleeping          |     4 |     3 |     1 |       |     1 ||     9
       Invisible         |       |       |       |     2 |       ||     2
  Eat: Chunk             |     9 |     9 |    13 |    26 |    39 ||    96
       Beef jerky        |     1 |       |       |       |     1 ||     2
       Meat ration       |       |       |       |     1 |       ||     1
       Pizza             |       |       |       |       |     1 ||     1
Armor: Robe              |    23 |    39 |    50 |    78 |   118 ||   308
       Skin              |       |       |    10 |     1 |       ||    11
Dodge: Dodged            |    35 |    56 |    99 |   234 |   438 ||   862
